 Dungeon Crawl Stone Soup version 0.31-a0-210-gccc998df9b (webtiles) character file.

Game seed: 1023527819815215845

100 qw the Shooter (level 4, -3/26 HPs)
             Began as a Gargoyle Hexslinger on June 30, 2023.
             Slain by Sigmund
             ... wielding a +0 scythe
              (8 damage)
             ... on level 3 of the Dungeon.
             The game lasted 00:00:55 (2129 turns).

qw the Shooter (Gargoyle Hexslinger)                Turns: 2129, Time: 00:00:56

Health: -3/26      AC:  6    Str: 12    XL:     4   Next: 74%
Magic:  5/5        EV: 11    Int: 13    God:
Gold:   143        SH:  0    Dex: 14    Spells: 4/5 levels left

rFire   . . .        Y - +1 sling
rCold   . . .        (no shield)
rNeg    + . .        d - +0 leather armour
rPois   inf          (no helmet)
rElec   +            (no cloak)
rCorr   .            (no gloves)
SInv    .            (no boots)
Will    .....        (no amulet)
Stlth   +            (no ring)
HPRegen 0.24/turn    (no ring)
MPRegen 0.09/turn

%: no passive effects
@: no status effects
A: sickness immunity, AC +3, negative energy resistance 1, electricity
resistance, torment resistance 1, petrification resistance
a: no special abilities


You were on level 3 of the Dungeon.
You visited 1 branch of the dungeon, and saw 3 of its levels.

You collected 143 gold pieces.


Innate Abilities, Weirdness & Mutations

You are immune to sickness and miasma.
Your stone body is resilient. (AC +3)
You are immune to poison.
You resist negative energy. (rN+)
You are resistant to electric shocks. (rElec)
You are resistant to unholy torment.
You are immune to petrification.


   Skills:
 - Level 2.0 Fighting
 + Level 4.5 Ranged Weapons
 - Level 1.5 Dodging
 - Level 1.0 Spellcasting
 - Level 2.6 Hexes


You had 4 spell levels left.
You knew the following spells:

 Your Spells              Type           Power      Damage    Failure   Level
a - Slow                  Hex            28%        N/A       12%         1

Your spell library contained the following spells:

 Spells                   Type           Power      Damage    Failure   Level
 Inner Flame              Hex/Fire       4%         N/A       52%         3
 Portal Projectile        Hex/Tloc       8%         N/A       52%         3
 Cause Fear               Hex            3%         N/A       75%         4

Inventory:

Hand Weapons
 Y - a +1 sling (weapon)
Armour
 d - a +0 leather armour (worn)
 e - a +2 cloak
Jewellery
 j - a ring of fire
Scrolls
 a - 2 scrolls of identify
Potions
 b - 2 potions of heal wounds
 c - a potion of attraction {unknown}
 f - a potion of curing
 g - a potion of might
 i - a potion of enlightenment

Dungeon Overview and Level Annotations

Branches:
Dungeon (3/15)

Altars:
Makhleb

Annotations:
D:3 Sigmund


Message History

You now have 136 gold pieces (gained 11).
There is an open door here.
You now have 143 gold pieces (gained 7).
You open the door.
There is an open door here.
Sigmund the Dreaded comes into view.
He is wielding a +0 scythe.
Sigmund shouts!
Enter note:
Enter note:
Enter note:
Enter note:
Enter note:
Enter note:
Enter note: You shoot a sling bullet.
The sling bullet closely misses Sigmund.
Sigmund mumbles some strange words.
Sigmund flickers and vanishes!
Deactivating autopickup; reactivate with Ctrl-A.
You shoot a sling bullet. You shoot a sling bullet.
You hear some strange, mumbled words.
A puff of flame appears from out of thin air!
The puff of flame hits you!
You shoot a sling bullet. Something hits you.
You shoot a sling bullet. Something hits you but does no damage.
You shoot a sling bullet. Something hits you but does no damage.
You shoot a sling bullet. Something hits you.
You shoot a sling bullet. You shoot a sling bullet. Something hits you.
You shoot a sling bullet. Something hits you!
You shoot a sling bullet. Something hits you!
You die...

#.....#.......##.#
#.....#..........#####
#######......####.....
#......# #.####
#......# #.#
####......# #.#
#..'......# #.#
##.#......####.#
##@######....#.#
+....{.<.....>.##.#.#
########.####..##.#.#
.####..##.#.#
.##..%....#'#### #####
.##.#..##....... ....#
.##.#........... ....#
.##.#.###....... ....#
#.#.# #.......


There were no monsters in sight!

Vanquished Creatures
  Natasha (D:2)
  A worm (D:2)
  3 dart slugs
  2 orcs (D:3)
  6 ball pythons
  An endoplasm (D:3)
  6 goblins
  10 hobgoblins
  3 jackals (D:2)
  5 kobolds
  4 quokkas
  11 bats
  2 frilled lizards
  6 rats
61 creatures vanquished.

Notes
Turn   | Place    | Note
-------+----------+-------------------------------------------
     0 | D:1      | qw the Gargoyle Hexslinger began the quest for the Orb.
     0 | D:1      | Reached XP level 1. HP: 12/12 MP: 2/2
     0 | D:1      | 0 ||| qw: Version: 0.3-a-26-gee661ec
     0 | D:1      | 0 ||| qw: Game counter: 7173
     0 | D:1      | 0 ||| qw: Melee chars always use a shield: true
     0 | D:1      | 0 ||| qw: God list: Okawaru
     0 | D:1      | 0 ||| qw: Allow faded altars: false
     0 | D:1      | 0 ||| qw: Do Orc after clearing Dungeon:15 true
     0 | D:1      | 0 ||| qw: Do second Lair branch before Depths: true
     0 | D:1      | 0 ||| qw: Lair rune preference: random
     0 | D:1      | 0 ||| qw: Goals: Normal
     0 | D:1      | 0 ||| PLANNING D:1-11
   160 | D:1      | Reached XP level 2. HP: 16/16 MP: 3/3
   231 | D:1      | 231 ||| FLEEEEING.
   232 | D:1      | 232 ||| FLEEEEING.
   233 | D:1      | 233 ||| FLEEEEING.
   234 | D:1      | 234 ||| FLEEEEING.
   257 | D:1      | Reached skill level 3 in Ranged Weapons
   559 | D:1      | Reached XP level 3. HP: 21/21 MP: 4/4
   655 | D:1      | 655 ||| UPGRADING to +0 leather armour.
   665 | D:1      | 665 ||| DROPPING +0 robe.
   666 | D:1      | 666 ||| READING 2 scrolls labelled GUFRIACEMA.
   667 | D:1      | 667 ||| READING scroll labelled QISAGA UFUFU.
   668 | D:1      | 668 ||| DROPPING scroll of fear.
   669 | D:1      | 669 ||| DROPPING scroll of poison.
   694 | D:2      | Noticed Natasha
   702 | D:2      | Killed Natasha
   873 | D:2      | Found a burning altar of Makhleb.
   908 | D:2      | Reached XP level 4. HP: 26/26 MP: 5/5
   972 | D:2      | Reached skill level 4 in Ranged Weapons
  1418 | D:2      | 1418 ||| READING scroll labelled ODDOSI XYUXYA.
  1423 | D:2      | 1423 ||| READING scroll labelled RINIENT GOTT.
  1424 | D:2      | 1424 ||| DRINKING 3 coppery potions.
  1425 | D:2      | 1425 ||| READING 5 scrolls of identify.
  1425 | D:2      | 1425 ||| IDENTIFYING viscous coppery potion
  1426 | D:2      | 1426 ||| READING 4 scrolls of identify.
  1426 | D:2      | 1426 ||| IDENTIFYING lumpy yellow potion
  1427 | D:2      | 1427 ||| READING 3 scrolls of identify.
  1427 | D:2      | 1427 ||| IDENTIFYING ruby potion
  1428 | D:2      | 1428 ||| READING 2 scrolls of identify.
  1428 | D:2      | 1428 ||| IDENTIFYING pink potion
  1429 | D:2      | 1429 ||| DROPPING potion of brilliance.
  2118 | D:3      | Noticed Sigmund
  2128 | D:3      | HP: 5/26 [something (7)]
  2129 | D:3      | Slain by Sigmund

Levels and vault maps discovered:
D:1:      tarquinn_simple_flora_water_a, layout_rooms, serial_forest,
          infiniplex_forest_zigzag_2, infiniplex_forest_zigzag_1,
          infiniplex_forest_clump_double, infiniplex_forest_clump_double,
          infiniplex_forest_lined_corner, infiniplex_forest_clump_cross,
          infiniplex_forest_clump_diagonal, hangedman_decor_push,
          hex_intersection, grunt_decor_cap
D:2:      layout_basic, basic_altar, minmay_nonomino_d4, uniq_natasha
D:3:      layout_basic, slow_altar_2, uniq_sigmund, uniq_robin

Skill      XL: |  1  2  3  4 |
---------------+-------------+-----
Ranged Weapons | 3 4 |  4.5
Fighting       | 2 |  2.0
Dodging        | |  1.5
Spellcasting   | |  1.0
Hexes          | |  2.6

Action                     |  1- 3 |  4- 6 || total
---------------------------+-------+-------++-------
   Fire: Sling             |    90 |   125 ||   215
    Use: Scroll            |     2 |     6 ||     8
         Potion            |       |     1 ||     1
 Armour: Robe              |    10 |       ||    10
         Leather armour    |     6 |    38 ||    44
  Dodge: Dodged            |    16 |    39 ||    55

Table legend:
 A = Non-vault XP
 B = Vault XP
 C = Vault XP percentage of total XP
 D = Non-vault monster count
 E = Vault monster count
 F = Vault count percentage of total count
                 A         B        C        D         E       F
            +---------+---------+-------+---------+---------+-------
      Total |      98 |      46 |  31.9 |      53 |       8 |  13.1
            +---------+---------+-------+---------+---------+-------
        D:1 |      35 |       0 |   0.0 |      20 |       0 |   0.0
        D:2 |      41 |      46 |  52.9 |      21 |       8 |  27.6
        D:3 |      22 |       0 |   0.0 |      12 |       0 |   0.0
            +---------+---------+-------+---------+---------+-------
